| TOP OF THE 1ST |
|
San Francisco Giants batting - Pitching for Pittsburgh Pirates : RHP Dennis Leonard
|
|
Pitching: RHP Dennis Leonard
|
|
|
Batting: SHB Larry Reynolds
|
0-0: Swinging Strike 0-1: Ball 1-1: Called Strike 1-2: Ball 2-2: Foul Ball, location: 2F 2-2: Foul Ball, location: 2F 2-2: Foul Ball, location: 2F 2-2: Foul Ball, location: 2F 2-2: Ground out 5-3 (Groundball, 56, EV 86.9 MPH)
|
|
Batting: LHB Ken Griffey Sr
|
0-0: Called Strike 0-1: Foul Ball, location: 2F 0-2: Ball 1-2: SINGLE (Groundball, 15S, EV 71.3 MPH) (infield hit)
|
|
Batting: LHB Keith Hernandez
|
0-0: Swinging Strike 0-1: Ball 1-1: Ball 2-1: Grounds into double play, 4-6-3 (Groundball, 4, EV 83.8 MPH)
|
| Top of the 1st over - 0 runs, 1 hit, 0 errors, 0 left on base; San Francisco 0 - Pittsburgh 0 |
| BOTTOM OF THE 1ST |
|
Pittsburgh Pirates batting - Pitching for San Francisco Giants : RHP Ronnie Sims
|
|
Pitching: RHP Ronnie Sims
|
|
|
Batting: RHB Dan Gladden
|
0-0: Called Strike 0-1: SINGLE (Line Drive, 7S, EV 105.6 MPH)
|
|
Batting: SHB Chili Davis
|
0-0: Ground out 6-3 (Groundball, 6S, EV 76.3 MPH) Dan Gladden to second
|
|
Batting: RHB Rennie Stennett
|
0-0: Ball 1-0: Ball 2-0: Called Strike 2-1: SINGLE (Line Drive, 78M, EV 88.1 MPH) Dan Gladden to third Runner from 3rd tries for Home, SAFE, throw by LF to home
|
|
Batting: LHB Robert Lopez
|
0-0: Fly out, F8 (Flyball, 78M, EV 90.0 MPH)
|
|
Batting: LHB Greg Walker
|
0-0: Ball 1-0: Ball 2-0: Called Strike 2-1: Called Strike 2-2: DOUBLE (Line Drive, 9LS, EV 106.3 MPH) Rennie Stennett to third Runner from 3rd tries for Home, SAFE, no throw by RF
|
|
Batting: RHB Mike C Brown
|
0-0: Ball 1-0: Called Strike 1-1: Swinging Strike 1-2: Strikes out swinging
|
| Bottom of the 1st over - 2 runs, 3 hits, 0 errors, 1 left on base; San Francisco 0 - Pittsburgh 2 |
| TOP OF THE 2ND |
|
San Francisco Giants batting - Pitching for Pittsburgh Pirates : RHP Dennis Leonard
|
|
Batting: RHB Phil Bailey
|
0-0: Ground out 3-1 (Groundball, 34S, EV 82.5 MPH)
|
|
Batting: RHB Don Slaught
|
0-0: Fly out, F7 (Flyball, 78D, EV 80.0 MPH)
|
|
Batting: RHB Kevin Howard
|
0-0: Called Strike 0-1: Ball 1-1: Fly out, F9 (Flyball, 89S, EV 77.5 MPH)
|
| Top of the 2nd over - 0 runs, 0 hits, 0 errors, 0 left on base; San Francisco 0 - Pittsburgh 2 |
| BOTTOM OF THE 2ND |
|
Pittsburgh Pirates batting - Pitching for San Francisco Giants : RHP Ronnie Sims
|
|
Batting: SHB John Shelby
|
0-0: Foul Ball, location: 2F 0-1: Ball 1-1: Ball 2-1: Ground out 6-3 (Groundball, 6, EV 83.1 MPH)
|
|
Batting: SHB Ron Oester
|
0-0: Called Strike 0-1: Foul Ball, location: 2F 0-2: Ball 1-2: Ground out 4-3 (Groundball, 4S, EV 71.3 MPH)
|
|
Batting: RHB Dennis Leonard
|
0-0: Ball 1-0: Called Strike 1-1: Called Strike 1-2: Ball 2-2: Strikes out swinging
|
| Bottom of the 2nd over - 0 runs, 0 hits, 0 errors, 0 left on base; San Francisco 0 - Pittsburgh 2 |
| TOP OF THE 3RD |
|
San Francisco Giants batting - Pitching for Pittsburgh Pirates : RHP Dennis Leonard
|
|
Batting: SHB Tyler O'Dell
|
0-0: Swinging Strike 0-1: Foul Ball, location: 2F 0-2: Ball 1-2: Ball 2-2: Foul Ball, location: 2F 2-2: Strikes out swinging
|
|
Batting: SHB Larry Milbourne
|
0-0: Called Strike 0-1: Ball 1-1: Ball 2-1: Foul Ball, location: 2F 2-2: Strikes out swinging
|
|
Batting: RHB Ronnie Sims
|
0-0: Fly out, F8 (Flyball, 8LM, EV 87.5 MPH)
|
| Top of the 3rd over - 0 runs, 0 hits, 0 errors, 0 left on base; San Francisco 0 - Pittsburgh 2 |
| BOTTOM OF THE 3RD |
|
Pittsburgh Pirates batting - Pitching for San Francisco Giants : RHP Ronnie Sims
|
|
Batting: RHB Dan Gladden
|
0-0: Reached on error, E6 (Groundball, 6M, EV 87.5 MPH)
|
|
Batting: SHB Chili Davis
|
0-0: Called Strike Dan Gladden steals 2nd, throwing error, E2 Dan Gladden to third 0-1: Swinging Strike 0-2: Ball Wild Pitch! Dan Gladden scores 1-2: Ground out 6-3 (Groundball, 6, EV 86.3 MPH)
|
|
Batting: RHB Rennie Stennett
|
0-0: Ball 1-0: Ball 2-0: Swinging Strike 2-1: Ball 3-1: Base on Balls
|
|
Batting: LHB Robert Lopez
|
0-0: Ball 1-0: Fielders Choice at 2nd, 5-4 (Groundball, 56, EV 103.1 MPH)
|
|
Batting: LHB Greg Walker
|
0-0: Foul Ball, location: 2F 0-1: Called Strike 0-2: Strikes out swinging
|
| Bottom of the 3rd over - 1 run, 0 hits, 2 errors, 1 left on base; San Francisco 0 - Pittsburgh 3 |
| TOP OF THE 4TH |
|
San Francisco Giants batting - Pitching for Pittsburgh Pirates : RHP Dennis Leonard
|
|
Batting: SHB Larry Reynolds
|
0-0: Called Strike 0-1: SINGLE (Line Drive, 34, EV 95.6 MPH)
|
|
Batting: LHB Ken Griffey Sr
|
0-0: Foul Ball, location: 2F 0-1: Called Strike 0-2: Ball 1-2: Foul Ball, location: 2F 1-2: Foul Ball, location: 2F 1-2: Foul Ball, location: 2F 1-2: DOUBLE (Line Drive, 78XD, EV 105.0 MPH) Larry Reynolds to third Runner from 3rd tries for Home, SAFE, throw by CF to home
|
|
Batting: LHB Keith Hernandez
|
0-0: Ball 1-0: Foul Ball, location: 2F 1-1: Fly out, F8 (Flyball, 8RM, EV 88.1 MPH)
|
|
Batting: RHB Phil Bailey
|
0-0: Ball 1-0: Foul Ball, location: 2F 1-1: Called Strike 1-2: Ground out 6-3 (Groundball, 56D, EV 100.0 MPH)
|
|
Batting: RHB Don Slaught
|
0-0: Fly out, F7 (Flyball, 78S, EV 85.6 MPH)
|
| Top of the 4th over - 1 run, 2 hits, 0 errors, 1 left on base; San Francisco 1 - Pittsburgh 3 |
| BOTTOM OF THE 4TH |
|
Pittsburgh Pirates batting - Pitching for San Francisco Giants : RHP Ronnie Sims
|
|
Batting: RHB Mike C Brown
|
0-0: Called Strike 0-1: Swinging Strike 0-2: Foul Ball, location: 2F 0-2: Strikes out swinging
|
|
Batting: SHB John Shelby
|
0-0: Called Strike 0-1: SINGLE (Groundball, 34D, EV 105.6 MPH)
|
|
Batting: SHB Ron Oester
|
0-0: Called Strike John Shelby steals 2nd base 0-1: Ball 1-1: Ground out 5-3 (Groundball, 5, EV 89.4 MPH)
|
|
Batting: RHB Dennis Leonard
|
0-0: Called Strike 0-1: Swinging Strike 0-2: Strikes out swinging
|
| Bottom of the 4th over - 0 runs, 1 hit, 0 errors, 1 left on base; San Francisco 1 - Pittsburgh 3 |
| TOP OF THE 5TH |
|
San Francisco Giants batting - Pitching for Pittsburgh Pirates : RHP Dennis Leonard
|
|
Batting: RHB Kevin Howard
|
0-0: Called Strike 0-1: Called Strike 0-2: Foul Ball, location: 2F 0-2: Foul Ball, location: 2F 0-2: Ball 1-2: DOUBLE (Flyball, 8LXD, EV 102.5 MPH)
|
|
Batting: SHB Tyler O'Dell
|
0-0: Called Strike 0-1: Ball 1-1: Ball 2-1: Foul Ball, location: 2F 2-2: Ball 3-2: SINGLE (Line Drive, 4MD, EV 104.4 MPH) Kevin Howard to third Runner from 3rd tries for Home, SAFE, throw by CF to home Tyler O'Dell to second
|
|
Batting: SHB Larry Milbourne
|
0-0: Fly out, F7 (Flyball, 78S, EV 78.1 MPH)
|
|
Batting: RHB Ronnie Sims
|
0-0: Called Strike 0-1: Ground out 5-3 (Groundball, 56S, EV 85.6 MPH)
|
|
Batting: SHB Larry Reynolds
|
0-0: Ball 1-0: Fly out, F4 (Flyball, 4D, EV 88.1 MPH)
|
| Top of the 5th over - 1 run, 2 hits, 0 errors, 1 left on base; San Francisco 2 - Pittsburgh 3 |
| BOTTOM OF THE 5TH |
|
Pittsburgh Pirates batting - Pitching for San Francisco Giants : RHP Ronnie Sims
|
|
Batting: RHB Dan Gladden
|
0-0: Ball 1-0: SINGLE (Groundball, 56D, EV 96.3 MPH)
|
|
Batting: SHB Chili Davis
|
0-0: Fielders Choice at 2nd, 4-6 (Groundball, 4, EV 76.3 MPH)
|
|
Batting: RHB Rennie Stennett
|
0-0: Ball 1-0: Foul Ball, location: 2F 1-1: Ball 2-1: Foul Ball, location: 2F 2-2: 2-RUN HOME RUN (Flyball, 78XD, EV 104.4 MPH), Distance : 421 ft
|
|
Batting: LHB Robert Lopez
|
0-0: Called Strike 0-1: Ball 1-1: Ball 2-1: Foul Ball, location: 2F 2-2: Foul Ball, location: 2F 2-2: Foul Ball, location: 2F 2-2: Ball 3-2: Fly out, F8 (Flyball, 8RD, EV 85.6 MPH)
|
|
Batting: LHB Greg Walker
|
0-0: Ball 1-0: Called Strike 1-1: Called Strike 1-2: Strikes out swinging
|
| Bottom of the 5th over - 2 runs, 2 hits, 0 errors, 0 left on base; San Francisco 2 - Pittsburgh 5 |
| TOP OF THE 6TH |
|
San Francisco Giants batting - Pitching for Pittsburgh Pirates : RHP Dennis Leonard
|
|
Batting: LHB Ken Griffey Sr
|
0-0: Ball 1-0: Ball 2-0: Ground out 6-3 (Groundball, 6M, EV 83.1 MPH)
|
|
Batting: LHB Keith Hernandez
|
0-0: Foul Ball, location: 2F 0-1: Ball 1-1: Ball 2-1: Fly out, F6 (Popup, 6, EV 81.9 MPH)
|
|
Batting: RHB Phil Bailey
|
0-0: Ball 1-0: Called Strike 1-1: Foul Ball, location: 2F 1-2: Foul Ball, location: 2F 1-2: Foul Ball, location: 2F 1-2: SOLO HOME RUN (Line Drive, 7D, EV 100.6 MPH), Distance : 386 ft
|
|
Batting: RHB Don Slaught
|
0-0: Ball 1-0: Reached on error, E6 (Groundball, 56, EV 100.6 MPH)
|
|
Batting: RHB Kevin Howard
|
0-0: Swinging Strike 0-1: Fly out, F8 (Flyball, 89D, EV 103.8 MPH)
|
| Top of the 6th over - 1 run, 1 hit, 1 error, 1 left on base; San Francisco 3 - Pittsburgh 5 |
| BOTTOM OF THE 6TH |
|
Pittsburgh Pirates batting - Pitching for San Francisco Giants : RHP Ronnie Sims
|
|
Batting: RHB Mike C Brown
|
0-0: Ball 1-0: SINGLE (Popup, 15, EV 83.1 MPH)
|
|
Batting: SHB John Shelby
|
0-0: Fly out, F8 (Line Drive, 8RM, EV 88.8 MPH)
|
|
Batting: SHB Ron Oester
|
0-0: Ball 1-0: Called Strike 1-1: Foul Ball, location: 2F 1-2: Ball 2-2: SINGLE (Line Drive, 8LS, EV 95.6 MPH) Mike C Brown to second Runner from 2nd tries for 3rd, SAFE, throw by CF made to third
|
|
Batting: RHB Dennis Leonard
|
0-0: Ball 1-0: Sac Bunt to 25 - play at first, batter OUT! 5-4 Ron Oester to second
|
|
Batting: RHB Dan Gladden
|
0-0: Called Strike 0-1: Foul Ball, location: 2F 0-2: Ball 1-2: Strikes out swinging
|
| Bottom of the 6th over - 0 runs, 2 hits, 0 errors, 2 left on base; San Francisco 3 - Pittsburgh 5 |
| TOP OF THE 7TH |
|
San Francisco Giants batting - Pitching for Pittsburgh Pirates : RHP Dennis Leonard
|
|
Batting: SHB Tyler O'Dell
|
0-0: Called Strike 0-1: Swinging Strike 0-2: Ball 1-2: Strikes out swinging
|
|
Batting: SHB Larry Milbourne
|
0-0: Swinging Strike 0-1: Ball 1-1: Ball 2-1: Ball 3-1: Foul Ball, location: 2F 3-2: Base on Balls
|
|
Pinch Hitting: LHB Kevin Christensen
|
0-0: Ball 1-0: Fly out, F8 (Flyball, 78D, EV 87.5 MPH)
|
|
Batting: SHB Larry Reynolds
|
0-0: Foul Ball, location: 2F 0-1: Foul Ball, location: 2F 0-2: Foul Ball, location: 2F 0-2: Ball 1-2: Foul Ball, location: 2F 1-2: Ball 2-2: Ball 3-2: Foul Ball, location: 2F 3-2: Foul Ball, location: 2F 3-2: Fly out, F8 (Line Drive, 8LD, EV 87.5 MPH)
|
| Top of the 7th over - 0 runs, 0 hits, 0 errors, 1 left on base; San Francisco 3 - Pittsburgh 5 |
| BOTTOM OF THE 7TH |
|
Pittsburgh Pirates batting - Pitching for San Francisco Giants : RHP Ronnie Sims
|
|
Pitching: RHP Dave Ford
|
|
|
Batting: SHB Chili Davis
|
0-0: Foul Ball, location: 2F 0-1: Called Strike 0-2: Ball 1-2: Ball 2-2: Fly out, F3 (Popup, 3F, EV 63.1 MPH)
|
|
Batting: RHB Rennie Stennett
|
0-0: Ball 1-0: SINGLE (Groundball, 13S, EV 64.4 MPH) (infield hit)
|
|
Batting: LHB Robert Lopez
|
0-0: Ball 1-0: SINGLE (Groundball, 4MD, EV 101.3 MPH) Rennie Stennett to second Runner from 2nd tries for 3rd, SAFE, throw by CF made to third
|
|
Batting: LHB Greg Walker
|
0-0: Grounds into double play, 4-6-3 (Groundball, 4, EV 108.8 MPH)
|
| Bottom of the 7th over - 0 runs, 2 hits, 0 errors, 1 left on base; San Francisco 3 - Pittsburgh 5 |
| TOP OF THE 8TH |
|
San Francisco Giants batting - Pitching for Pittsburgh Pirates : RHP Dennis Leonard
|
|
Batting: LHB Ken Griffey Sr
|
0-0: Foul Ball, location: 2F 0-1: Ball 1-1: Called Strike 1-2: Strikes out looking
|
|
Batting: LHB Keith Hernandez
|
0-0: Ball 1-0: Called Strike 1-1: Ball 2-1: Foul Ball, location: 2F 2-2: Foul Ball, location: 2F 2-2: Ball 3-2: SINGLE (Line Drive, 7S, EV 106.3 MPH)
|
|
Batting: RHB Phil Bailey
|
0-0: Foul Ball, location: 2F 0-1: Foul Ball, location: 2F 0-2: Fielders Choice at 2nd, 5-4 (Groundball, 56, EV 79.4 MPH)
|
|
Batting: RHB Don Slaught
|
0-0: Called Strike 0-1: Ball 1-1: Swinging Strike 1-2: Strikes out swinging
|
| Top of the 8th over - 0 runs, 1 hit, 0 errors, 1 left on base; San Francisco 3 - Pittsburgh 5 |
| BOTTOM OF THE 8TH |
|
Pittsburgh Pirates batting - Pitching for San Francisco Giants : RHP Dave Ford
|
|
Batting: RHB Mike C Brown
|
0-0: DOUBLE (Flyball, 89XD, EV 97.5 MPH)
|
|
Batting: SHB John Shelby
|
0-0: Ball 1-0: Called Strike 1-1: SINGLE (Line Drive, 89S, EV 95.6 MPH) Mike C Brown to third Runner from 3rd tries for Home, SAFE, throw by RF to home John Shelby to second
|
|
Batting: SHB Ron Oester
|
0-0: Ball John Shelby steals 3rd base 1-0: Called Strike 1-1: Ground out 3-1 (Groundball, 34, EV 105.6 MPH) John Shelby scores
|
|
Batting: RHB Dennis Leonard
|
0-0: Foul Ball, location: 2F 0-1: Called Strike 0-2: Ball 1-2: Ball 2-2: Strikes out swinging
|
|
Batting: RHB Dan Gladden
|
0-0: Ground out 5-3 (Groundball, 5, EV 97.5 MPH)
|
| Bottom of the 8th over - 2 runs, 2 hits, 0 errors, 0 left on base; San Francisco 3 - Pittsburgh 7 |
| TOP OF THE 9TH |
|
San Francisco Giants batting - Pitching for Pittsburgh Pirates : RHP Dennis Leonard
|
|
Batting: RHB Kevin Howard
|
0-0: Called Strike 0-1: Fly out, F3 (Popup, 3F, EV 71.3 MPH)
|
|
Batting: SHB Tyler O'Dell
|
0-0: Swinging Strike 0-1: Foul Ball, location: 2F 0-2: Strikes out looking
|
|
Batting: SHB Larry Milbourne
|
0-0: Fly out, F7 (Line Drive, 7, EV 96.9 MPH)
|
| Top of the 9th over - 0 runs, 0 hits, 0 errors, 0 left on base; San Francisco 3 - Pittsburgh 7 |
|